 Dungeon Crawl Stone Soup version 0.30.0-29-ga12c61a403 (webtiles) character file.

Game seed: 3585768957715685894

51 DildoBatman the Conjurer (level 4, 0/32 HPs)
             Began as a Formicid Conjurer on June 12, 2023.
             Slain by an ufetubus (3 damage)
             ... on level 6 of the Dungeon.
             The game lasted 00:03:03 (1462 turns).

DildoBatman the Conjurer (Formicid Conjurer)        Turns: 1462, Time: 00:03:04

Health: 0/32       AC:  4    Str: 12    XL:     4   Next: 7%
Magic:  7/7        EV: 12    Int: 19    God:
Gold:   86         SH:  0    Dex: 18    Spells: 5/8 levels left

rFire   . . .        g - +0 short sword
rCold   . . .        (no shield)
rNeg    . . .        a - +0 robe
rPois   .            (helmet unavailable)
rElec   .            r - +0 cloak
rCorr   +            (no gloves)
SInv    +            h - +0 pair of boots
Will    .....        (no amulet)
Stlth   ++           c - +6 ring of dexterity
HPRegen 0.25/turn    l - ring of resist corrosion
MPRegen 0.10/turn

%: no passive effects
@: no status effects
A: permanent stasis, dig shafts and tunnels, antennae 3, four strong arms
a: Dig, Shaft Self


You were on level 6 of the Dungeon.
You visited 1 branch of the dungeon, and saw 4 of its levels.

You collected 86 gold pieces.

Inventory:

Hand Weapons
 g - a +0 short sword (weapon)
Missiles
 d - 2 poisoned darts
Armour
 a - a +0 robe (worn)
 h - a +0 pair of boots (worn)
 r - a +0 cloak (worn)
Magical Staves
 j - a staff of death
Jewellery
 c - a +6 ring of dexterity (left hand)
 l - a ring of resist corrosion (right hand)
Scrolls
 e - a scroll of butterflies {unknown}
 f - 2 scrolls of enchant weapon {unknown}
 i - a scroll of enchant armour {unknown}
 k - a scroll of poison {unknown}
 m - a scroll of vulnerability {unknown}
 p - a scroll of blinking {unknown}
Potions
 b - a potion of magic
 n - a potion of attraction {unknown}
 o - a potion of heal wounds {unknown}
 q - 2 potions of haste {unknown}


   Skills:
 * Level 1.1 Fighting
 * Level 1.2 Armour
 * Level 2.2 Dodging
 - Level 3.0 Stealth
 * Level 2.6 Spellcasting
 * Level 3.8 Conjurations


You had 5 spell levels left.
You knew the following spells:

 Your Spells              Type           Power      Damage    Failure   Level
a - Searing Ray           Conj           34%        2d5       4%          2
c - Magic Dart            Conj           68%        1d6       3%          1

Your spell library contained the following spells:

 Spells                   Type           Power      Damage    Failure   Level
 Beastly Appendage        Tmut           4%         N/A       16%         1
 Dazzling Flash           Conj/Hex       18%        N/A       22%         3
 Wereblood                Tmut           2%         N/A       24%         2
 Spider Form              Tmut/Pois      2%         N/A       43%         3
 Fulminant Prism          Conj/Hex       4%         3d5       56%         4
 Iskenderun's Mystic Bla  Conj/Tloc      9%         2d4       56%         4


Dungeon Overview and Level Annotations

Branches:
Dungeon (3/15)

Altars:


Innate Abilities, Weirdness & Mutations

You cannot be hasted, slowed, berserked, paralysed or teleported.
You can dig through walls and to a lower floor.
You have a pair of large antennae on your head. (SInv)
Your four strong arms can wield two-handed weapons with a shield.


Message History

The ufetubus hits you. The ufetubus barely misses you.
The orc hits you but does no damage.
The orc priest invokes the aid of Beogh against you.
Pain shoots through your body! What are your orders? t - Shout!
Orders for allies: a - Attack new target. r - Retreat! s - Stop attacking. g - Guard the area. f - Follow me.
Anything else - Cancel.
You shout for attention!
The ufetubus closely misses you. The ufetubus barely misses you.
The ufetubus hits you. x2
The orc closely misses you. The orc priest barely misses you.
A gnoll comes into view. It is wielding a +0 club.
What are your orders? t - Shout!
Orders for allies: a - Attack new target. r - Retreat! s - Stop attacking. g - Guard the area. f - Follow me.
Anything else - Cancel.
You shout for attention!
The ufetubus hits you. The ufetubus closely misses you.
The orc hits you with a +0 hand axe. The orc closely misses you.
The gnoll completely misses you. The orc priest hits you with a +0 mace.
What are your orders? t - Shout!
Orders for allies: a - Attack new target. r - Retreat! s - Stop attacking. g - Guard the area. f - Follow me.
Anything else - Cancel.
You shout for attention!
The ufetubus hits you.
You die...

.## ..### ....#
##....# . .
#.....#.. ...##
#........
......#.o......
#..@5F.W...
##.oo......
###g$.....
....... g......


gg...... { .!..... ....... You could see a phantom, a bullfrog, an orc priest, 3
gnolls, 2 orcs and an ufetubus.

Vanquished Creatures
  2 adders
  A dart slug (D:2)
  2 endoplasms (D:1)
  A giant cockroach (D:1)
  5 goblins
  A hobgoblin (D:1)
  3 jackals (D:2)
  A quokka (D:1)
  A ball python (D:1)
  3 bats
  3 frilled lizards
  3 kobolds
  4 rats
30 creatures vanquished.

Notes
Turn   | Place    | Note
-------+----------+-------------------------------------------
     0 | D:1      | DildoBatman the Formicid Conjurer began the quest for the
                  | Orb.
     0 | D:1      | Reached XP level 1. HP: 13/13 MP: 3/3
   217 | D:1      | Reached XP level 2. HP: 19/19 MP: 0/5
   220 | D:1      | Learned a level 2 spell: Searing Ray
   793 | D:2      | Reached XP level 3. HP: 25/25 MP: 4/6
   838 | D:2      | Reached skill level 1 in Armour
   983 | D:2      | Reached skill level 1 in Fighting
  1408 | D:3      | Reached XP level 4. HP: 32/32 MP: 2/7
  1448 | D:3      | You fall into a shaft and drop 3 floors!
  1456 | D:6      | Noticed a bullfrog
  1458 | D:6      | Noticed a phantom
  1462 | D:6      | Slain by an ufetubus

Illustrated notes

Levels and vault maps discovered:
D:1:      amcnicky_arrival_blooded_trapdoor, layout_basic
D:2:      layout_loops_ring, grunt_ministairs_12
D:3:      layout_basic, mainiacjoe_overflow_surrounded_room, nrook_campfire,
          grunt_ministairs_2, uniq_robin
D:6:      layout_cave_pools, tgw_trog

Skill      XL: |  1  2  3 |
---------------+----------+-----
Dodging        | 2 |  2.2
Armour         | 1 |  1.2
Fighting       | 1 |  1.1
Stealth        | 3 |  3.0
Spellcasting   | |  2.6
Conjurations   | |  3.8

Action                     |  1- 3 |  4- 6 || total
---------------------------+-------+-------++-------
  Melee: Whip              |     3 |       ||     3
         Punch             |     2 |       ||     2
         Short sword       |    14 |     1 ||    15
   Cast: Magic Dart        |    34 |       ||    34
         Searing Ray       |     3 |       ||     3
Ability: Shaft Self        |       |     1 ||     1
   Stab: Sleeping          |     2 |       ||     2
 Armour: Robe              |     4 |    16 ||    20
  Dodge: Dodged            |     9 |    34 ||    43
